[Event "Titled Tuesday Blitz February 14 Late 2023"]
[White "Koellner, Ruben Gideon"]
[Black "Fan_Of_Chucky"]
[WhiteFideId "12993093"]
[WhiteElo "2426"]
[BlackElo "2398"]
[Result "0-1"]
[Round "11"]
[TimeControl "180+2"]
[Date "2023.02.14"]
[WhiteClock "0:00:02"]
[BlackClock "0:00:09"]

1. d4 Nf6 2. Nf3 c5 3. e3 cxd4 4. exd4 g6 5. Nbd2 Bg7 6. c3 O-O 7. Bd3 d5 8. O-O Nc6 9. Re1 Nd7 10. Nf1 e5 11. dxe5 Ndxe5 12. Nxe5 Nxe5 13. Be2 Nc6 14. Be3 d4 15. cxd4 Nxd4 16. Bc4 b6 17. Rc1 Bb7 18. Qg4 Nf5 19. Bg5 Qd4 20. Qxd4 Nxd4 21. Re7 Bc6 22. Be3 Nf5 23. Rc7 Be4 24. b3 Be5 25. Rd7 Nd6 26. Re7 Bb2 27. Rd1 Nxc4 28. Rxe4 Nxe3 29. Nxe3 Rfd8 30. Rxd8+ Rxd8 31. g4 Kg7 32. Re7 a5 33. Rb7 Bd4 34. Nc4 Bc5 35. g5 Rd5 36. h4 Rf5 37. Nxb6 Bxf2+ 38. Kg2 Bxh4 39. Nc4 Bxg5 40. Ra7 Bd8 41. Ra8 Rd5 42. Kf3 h5 43. Ke4 Rd1 44. Nxa5 Bxa5 45. Rxa5 Rf1 46. b4 h4 47. Ra3 g5 48. Rf3 f5+ 49. Ke3 f4+ 50. Ke4 Rxf3 51. Kxf3 Kf6 52. b5 Ke6 53. Kg4 Kd6 54. a4 Kc5 55. Kf3 h3 56. Kf2 g4 57. Kg1 f3 0-1


[Site "https://www.chess.com"]

[Event "Titled Tuesday Blitz February 14 Late 2023"]
[White "Prieto Aranguren, Alain"]
[Black "Janaszak, Dawid"]
[WhiteFideId "2268906"]
[BlackFideId "1119206"]
[WhiteElo "2258"]
[BlackElo "2316"]
[Result "1-0"]
[Round "11"]
[TimeControl "180+2"]
[Date "2023.02.14"]
[WhiteClock "0:00:26"]
[BlackClock "0:00:15"]

1. e4 c5 2. Bc4 e6 3. Qf3 Nc6 4. d3 Ne5 5. Qg3 Nxc4 6. dxc4 Nf6 7. Nc3 d5 8. cxd5 exd5 9. Bg5 d4 10. Nd5 Be6 11. Nc7+ Kd7 12. Nxa8 Qxa8 13. Bxf6 gxf6 14. Nf3 Bh6 15. Qh4 Qf8 16. Qxf6 Bg7 17. Qh4 h5 18. O-O Rh6 19. c3 Rg6 20. cxd4 cxd4 21. Rfd1 Qb4 22. Qxh5 b6 23. Ne5+ Kd6 24. Nxg6 fxg6 25. Qxg6 Be5 26. Rac1 Qxb2 27. Qe8 Bd7 28. Qf8+ Ke6 29. f4 Bd6 30. f5+ Ke5 31. Qg7+ Kxe4 32. Qxd7 Bf4 33. Qe6+ Be5 34. Re1+ Kd3 35. Qxe5 1-0


[Site "https://www.chess.com"]

[Event "Titled Tuesday Blitz February 14 Late 2023"]
[White "Nunez V, Gustavo Eduardo"]
[Black "Lucassen, Mickey"]
[WhiteFideId "4403690"]
[BlackFideId "12919110"]
[WhiteElo "2212"]
[BlackElo "2023"]
[Result "0-1"]
[Round "11"]
[TimeControl "180+2"]
[Date "2023.02.14"]
[WhiteClock "0:00:09"]
[BlackClock "0:00:14"]

1. e4 c5 2. Nc3 Nc6 3. f4 g6 4. Nf3 Bg7 5. Bb5 e6 6. O-O Nd4 7. Nxd4 cxd4 8. Ne2 a6 9. Bd3 d6 10. Ng3 h5 11. f5 Qh4 12. fxg6 fxg6 13. e5 Bxe5 14. Bxg6+ Kd8 15. Qf3 Nf6 16. d3 Rg8 17. Bf7 Rg7 18. Bf4 Rxf7 19. Bxe5 dxe5 20. Nxh5 Ng4 21. Qh3 Rxf1+ 22. Rxf1 Qxh3 23. gxh3 Ne3 24. Rf7 Bd7 25. Nf6 Be8 26. Rxb7 Rc8 27. c4 dxc3 28. bxc3 Bc6 29. Rg7 Rc7 30. Rg8+ Ke7 31. Rg7+ Kd6 32. Rg5 Rf7 33. Ng4 Rf1# 0-1


[Site "https://www.chess.com"]

[Event "Titled Tuesday Blitz February 14 Late 2023"]
[White "Skaric, Djuro"]
[Black "Kleiman, Jake"]
[WhiteFideId "934569"]
[BlackFideId "2020041"]
[WhiteElo "2334"]
[BlackElo "2399"]
[Result "0-1"]
[Round "11"]
[TimeControl "180+2"]
[Date "2023.02.14"]
[WhiteClock "0:00:07"]
[BlackClock "0:00:29"]

1. g3 d5 2. Bg2 Nf6 3. d3 e6 4. Nf3 c5 5. O-O Nc6 6. Nc3 Be7 7. e4 O-O 8. h3 Nd4 9. g4 dxe4 10. dxe4 Nxf3+ 11. Qxf3 Nd7 12. Rd1 Qc7 13. Qe2 g5 14. h4 h6 15. hxg5 hxg5 16. Be3 a6 17. a4 Ne5 18. b3 b6 19. Qd2 f6 20. Qe2 Bb7 21. Rd2 Rad8 22. Rad1 Rxd2 23. Rxd2 Rd8 24. Rxd8+ Qxd8 25. f3 Nc6 26. Qf2 Bd6 27. Bf1 Be5 28. Nd1 Nd4 29. Kg2 Kf7 30. Bd3 Qh8 31. Kf1 Qh1+ 32. Qg1 Qxf3+ 33. Ke1 Bxe4 34. Kd2 Bxd3 35. Qe1 Nxc2 36. Qf2 Qxf2+ 37. Bxf2 Bg6 38. a5 bxa5 39. Bxc5 Bd4 40. Bd6 Bb6 41. Kc3 e5 42. Kc4 Ke6 43. Bf8 Be8 44. Kc3 Nd4 45. Ne3 Nb5+ 46. Kd3 Bg6+ 47. Ke2 Bxe3 48. Kxe3 Bc2 49. b4 a4 50. Kd2 Be4 51. Kc1 a3 52. Bc5 Kd5 53. Bf2 Kc4 54. Be1 Kb3 55. Bc3 Kxc3 56. Kd1 Kd3 57. Kc1 Kc3 58. Kd1 Bd3 59. Kc1 a2 60. Kd1 a1=Q# 0-1


[Site "https://www.chess.com"]

[Event "Titled Tuesday Blitz February 14 Late 2023"]
[White "Smith, Garrett L"]
[Black "Chor, Kevin"]
[WhiteFideId "2024829"]
[BlackFideId "2090740"]
[WhiteElo "2047"]
[BlackElo "1944"]
[Result "0-1"]
[Round "11"]
[TimeControl "180+2"]
[Date "2023.02.14"]
[WhiteClock "0:00:03"]
[BlackClock "0:00:06"]

1. e4 c5 2. a3 g6 3. b4 Bg7 4. Nc3 cxb4 5. axb4 Nc6 6. Rb1 e6 7. Nf3 d5 8. exd5 exd5 9. d4 Bg4 10. Be3 Nge7 11. b5 Bxf3 12. gxf3 Na5 13. Bd3 Qc7 14. Qd2 Nc4 15. Bxc4 Qxc4 16. Rb3 Nf5 17. Ne2 O-O 18. Qd3 Qa4 19. O-O Qa5 20. Ng3 Nd6 21. Bd2 Qb6 22. Bb4 Rfe8 23. Bc5 Qd8 24. b6 a5 25. Ra1 Nc4 26. f4 h5 27. f5 h4 28. Ne2 Qg5+ 29. Kh1 Qxf5 30. Qxf5 gxf5 31. Nc3 Red8 32. Rg1 a4 33. Rbb1 Nd2 34. Rbd1 Nf3 35. Rg2 a3 36. Ra1 Rdc8 37. Ra2 Kh7 38. Nxd5 Re8 39. Ra1 a2 40. Ne3 f4 41. Nf5 Re1+ 42. Rxe1 Nxe1 43. Rxg7+ Kh8 44. Rg5 a1=Q 45. Rh5+ Kg8 46. Rg5+ Kh7 47. Rh5+ Kg6 0-1


[Site "https://www.chess.com"]

[Event "Titled Tuesday Blitz February 14 Late 2023"]
[White "Machidon, Cristi"]
[Black "Guzman Moneo, Alberto"]
[WhiteFideId "13904590"]
[BlackFideId "2209616"]
[WhiteElo "2301"]
[BlackElo "2170"]
[Result "0-1"]
[Round "11"]
[TimeControl "180+2"]
[Date "2023.02.14"]
[WhiteClock "0:00:36"]
[BlackClock "0:00:47"]

1. e4 c5 2. Nf3 Nc6 3. d4 cxd4 4. Nxd4 g6 5. Nc3 Bg7 6. Be3 Nf6 7. f3 O-O 8. Bc4 d6 9. Qd2 Qa5 10. O-O-O Nxd4 11. Bxd4 Be6 12. Bb3 b5 13. Kb1 b4 14. Nd5 Bxd5 15. exd5 Qb5 16. Rhe1 a5 17. Qe2 Qxe2 18. Rxe2 a4 19. Bc4 Rfc8 20. b3 Rc7 21. Rde1 Kf8 22. f4 h5 23. Rf1 Ng4 24. Bxg7+ Kxg7 25. h3 Nh6 26. Bd3 Ra5 27. Re4 axb3 28. axb3 Rxd5 29. Rxb4 Nf5 30. g4 hxg4 31. hxg4 Ne3 32. Rg1 Rdc5 33. c4 d5 34. Rg3 dxc4 35. Rxe3 cxd3 36. Rxd3 Rc1+ 37. Kb2 R7c2+ 38. Ka3 Ra1# 0-1


[Site "https://www.chess.com"]

[Event "Titled Tuesday Blitz February 14 Late 2023"]
[White "Hajiyev, Kanan"]
[Black "Miszler, Levente"]
[WhiteFideId "13404148"]
[BlackFideId "763276"]
[WhiteElo "2197"]
[BlackElo "2271"]
[Result "0-1"]
[Round "11"]
[TimeControl "180+2"]
[Date "2023.02.14"]
[WhiteClock "0:00:57"]
[BlackClock "0:01:42"]

1. d4 d5 2. Nf3 Nf6 3. c4 c6 4. cxd5 cxd5 5. Nc3 Nc6 6. Bg5 e6 7. e3 Be7 8. Bd3 h6 9. Bh4 O-O 10. O-O Nd7 11. Bxe7 Qxe7 12. Rc1 a6 13. Bb1 f5 14. Na4 g5 15. Nc5 g4 16. Nxd7 Bxd7 17. Ne5 Nxe5 18. dxe5 Rac8 19. Qd4 Bb5 20. Rfd1 Qd7 21. Qf4 Kg7 22. b3 Rxc1 23. Rxc1 Rc8 24. Rd1 Qc7 25. h3 gxh3 26. g4 Be2 27. gxf5 Bxd1 28. f6+ Kf7 29. Qxh6 Rg8+ 30. Kf1 Bc2 31. Bxc2 Qxc2 32. Qh5+ Qg6 33. Qxh3 Qg1+ 34. Ke2 Qg4+ 35. Qf3 Qxf3+ 36. Kxf3 Rg5 37. e4 Rxe5 0-1


[Site "https://www.chess.com"]

[Event "Titled Tuesday Blitz February 14 Late 2023"]
[White "Ramirez Allo, Eduardo"]
[Black "Rian, Kapriaga"]
[WhiteFideId "2224178"]
[BlackFideId "7103263"]
[WhiteElo "2274"]
[BlackElo "2089"]
[Result "0-1"]
[Round "11"]
[TimeControl "180+2"]
[Date "2023.02.14"]
[WhiteClock "0:00:07"]
[BlackClock "0:00:11"]

1. d4 Nf6 2. c4 e6 3. Nf3 d5 4. g3 Bb4+ 5. Bd2 a5 6. Bg2 dxc4 7. O-O O-O 8. Qc2 b6 9. Rd1 Ba6 10. Ne5 Ra7 11. e3 b5 12. a4 Bxd2 13. Nxd2 c6 14. Nxc6 Nxc6 15. Bxc6 b4 16. Nxc4 Nd5 17. Rac1 Rc7 18. Bb5 Bb7 19. Qe2 Rc8 20. Ne5 f6 21. Nd3 f5 22. Nc5 Rxc5 23. Rxc5 Qg5 24. Bc6 Bxc6 25. Rxc6 f4 26. exf4 Nxf4 27. Qe5 Qg4 28. Rd2 Qf3 29. gxf4 Qxc6 30. d5 Qc1+ 31. Kg2 Qxd2 32. dxe6 Qxf4 33. Qc5 Qf3+ 34. Kf1 Rd8 35. e7 Rd1# 0-1


[Site "https://www.chess.com"]

[Event "Titled Tuesday Blitz February 14 Late 2023"]
[White "reevecanada"]
[Black "Carrasco Miranda, Andres"]
[BlackFideId "3405990"]
[WhiteElo "2466"]
[BlackElo "2240"]
[Result "0-1"]
[Round "11"]
[TimeControl "180+2"]
[Date "2023.02.14"]
[WhiteClock "0:00:28"]
[BlackClock "0:00:39"]

1. e3 g6 2. h3 Bg7 3. h4 h6 4. g4 d5 5. d4 c5 6. c3 Nc6 7. Bd3 e5 8. dxc5 Nf6 9. f3 e4 10. Be2 exf3 11. Bxf3 Ne4 12. Nd2 Nxc5 13. Nb3 Ne4 14. c4 Qc7 15. cxd5 Qg3+ 16. Ke2 Ne5 17. Qf1 Bxg4 18. Nd4 Rc8 19. Bd2 Nxd2 20. Kxd2 Nc4+ 21. Ke2 Bxd4 22. exd4 O-O 23. Kd3 Nxb2+ 24. Kd2 Rfe8 25. Bxg4 Qe3# 0-1


[Site "https://www.chess.com"]

[Event "Titled Tuesday Blitz February 14 Late 2023"]
[White "Vaglio Mattey, Emanuel"]
[Black "CheckBits"]
[WhiteFideId "6504167"]
[WhiteElo "2155"]
[BlackElo "2468"]
[Result "0-1"]
[Round "11"]
[TimeControl "180+2"]
[Date "2023.02.14"]
[WhiteClock "0:00:14"]
[BlackClock "0:00:16"]

1. d4 e6 2. Nf3 Nf6 3. Bg5 Be7 4. Nbd2 h6 5. Bxf6 Bxf6 6. e4 d6 7. Bd3 Nd7 8. O-O O-O 9. Re1 Be7 10. c3 c5 11. Qe2 cxd4 12. cxd4 b6 13. e5 Bb7 14. Ne4 dxe5 15. dxe5 Nc5 16. Nxc5 Bxc5 17. Rad1 Qe7 18. a3 a5 19. Nd2 Qg5 20. Be4 Bxe4 21. Qxe4 Rad8 22. Nb3 Be7 23. Nd4 Qh5 24. Rd3 Bc5 25. h3 Rd5 26. Nc6 Rxd3 27. Qxd3 Qh4 28. Re2 Qf4 29. b4 Bxf2+ 30. Rxf2 Qc1+ 31. Kh2 Qxc6 32. Rc2 Qa4 33. Rc4 Ra8 34. Qc3 g6 35. h4 h5 36. Kh3 Kg7 37. Kh2 Rd8 38. Qf3 Qd7 39. Qf6+ Kg8 40. bxa5 bxa5 41. Rf4 Rb8 42. Qg5 Rb5 43. Rf6 Qc7 44. Kh3 Qxe5 45. Qxe5 Rxe5 46. Rf3 Re4 47. Rc3 Ra4 48. g3 Kg7 49. Kg2 Kf6 50. Kf3 Ke5 51. Rc5+ Kd6 52. Rc3 f6 53. Rd3+ Ke5 54. Re3+ Kf5 55. Rb3 e5 56. Rc3 Rd4 57. Kf2 a4 58. Rc5 Rd3 59. Rc4 Rxa3 60. Kg2 Ke6 61. Rc6+ Kf5 62. Rc4 Ra2+ 63. Kh3 a3 64. Ra4 Ra1 65. Ra5 Ke6 66. Kh2 f5 67. Ra4 e4 68. Ra5 e3 69. Kg2 e2 70. Ra8 e1=Q 71. Re8+ Kf7 72. Rxe1 Rxe1 73. Kf3 Re4 74. g4 hxg4+ 0-1


[Site "https://www.chess.com"]

[Event "Titled Tuesday Blitz February 14 Late 2023"]
[White "Papayan, Oleg"]
[Black "Kostiukov, Alexandr"]
[WhiteFideId "4193911"]
[BlackFideId "14108100"]
[WhiteElo "2253"]
[BlackElo "2271"]
[Result "1-0"]
[Round "11"]
[TimeControl "180+2"]
[Date "2023.02.14"]
[WhiteClock "0:00:03"]
[BlackClock "0:00:01"]

1. d4 g6 2. e4 c5 3. dxc5 Qa5+ 4. Bd2 Qxc5 5. Bc3 Nf6 6. f3 Bg7 7. Qd4 Qxd4 8. Bxd4 Nc6 9. Bc3 O-O 10. Nd2 d5 11. Bxf6 Bxf6 12. exd5 Nb4 13. O-O-O Nxd5 14. Ne4 Be6 15. Nxf6+ Nxf6 16. Ne2 Rfc8 17. Nd4 Bxa2 18. b3 e5 19. Kb2 exd4 20. Rxd4 a5 21. Bc4 Bxb3 22. cxb3 Rc5 23. Rd6 Kg7 24. Rb6 Ra7 25. Rd1 a4 26. Rdd6 axb3 27. Bxb3 Rf5 28. Bc2 Rf4 29. Bb3 h5 30. Rd8 h4 31. h3 g5 32. Rb8 Ra5 33. R8xb7 Nh5 34. Rb5 Rxb5 35. Rxb5 Kg6 36. Rb8 Rd4 37. Rg8+ Ng7 38. Kc3 Rd6 39. Rb8 1-0


[Site "https://www.chess.com"]

[Event "Titled Tuesday Blitz February 14 Late 2023"]
[White "Vaglio Munoz, Jaime"]
[Black "Rottenwohrer Suarez, Juan"]
[WhiteFideId "6500145"]
[BlackFideId "32068182"]
[WhiteElo "2174"]
[BlackElo "2265"]
[Result "0-1"]
[Round "11"]
[TimeControl "180+2"]
[Date "2023.02.14"]
[WhiteClock "0:00:04"]
[BlackClock "0:01:07"]

1. d4 Nf6 2. Nf3 g6 3. g3 Bg7 4. b3 O-O 5. Bb2 b6 6. Bg2 Bb7 7. c4 c5 8. d5 b5 9. O-O bxc4 10. bxc4 d6 11. Nbd2 Qa5 12. Rb1 Ba6 13. a3 Nbd7 14. Qc2 Rab8 15. Bc3 Qc7 16. Qa4 Bc8 17. Ba5 Nb6 18. Qc2 Bf5 19. e4 Bg4 20. Nh4 Qb7 21. h3 Bd7 22. Bxb6 axb6 23. f4 Nh5 24. Kh2 Qa6 25. g4 Nxf4 26. Rxf4 Be5 27. Rf1 g5 28. Nf5 Bxf5 29. gxf5 Bxf4+ 30. Kh1 Qxa3 31. Nf3 b5 32. e5 bxc4 33. f6 exf6 34. Qf5 Qd3 35. Qxf6 Qg6 36. Qe7 Rbe8 37. Qc7 dxe5 38. Qxc5 g4 39. hxg4 Qh6+ 40. Kg1 Be3+ 41. Rf2 Bxc5 42. Kf1 Qc1+ 43. Ne1 Bxf2 44. Kxf2 0-1


[Site "https://www.chess.com"]

[Event "Titled Tuesday Blitz February 14 Late 2023"]
[White "Meunier-Pion, Jean"]
[Black "Lopez Perdomo, Juan David"]
[WhiteFideId "20685327"]
[BlackFideId "4405137"]
[WhiteElo "2215"]
[BlackElo "2029"]
[Result "1-0"]
[Round "11"]
[TimeControl "180+2"]
[Date "2023.02.14"]
[WhiteClock "0:00:05"]
[BlackClock "0:00:05"]

1. e4 e6 2. d4 d5 3. Nd2 Nf6 4. e5 Nfd7 5. c3 c5 6. f4 Nc6 7. Ndf3 Be7 8. Bd3 f5 9. Ne2 O-O 10. O-O cxd4 11. cxd4 b6 12. Kh1 Nb4 13. Bb1 Ba6 14. a3 Nc6 15. Rg1 Na5 16. b4 Bxe2 17. Qxe2 Nb3 18. Ra2 Nxc1 19. Rxc1 Rc8 20. Rac2 Rxc2 21. Qxc2 b5 22. Qc7 Nb6 23. Qxa7 Nc4 24. Qa6 Qd7 25. Bd3 h6 26. h3 Rc8 27. a4 Bxb4 28. axb5 Rc7 29. Bxc4 dxc4 30. b6 Rb7 31. Rxc4 Bf8 32. Rc7 Rxc7 33. bxc7 Qxc7 34. Qxe6+ Kh8 35. Qxf5 Qd8 36. d5 Kg8 37. d6 Bxd6 38. Qe6+ Kh7 39. exd6 Qa5 40. Kh2 Qa4 41. Qf5+ Kg8 42. Ne5 Qd4 43. d7 h5 44. Qf7+ Kh7 45. Qxh5+ Kg8 46. Qe8+ Kh7 47. Qg6+ Kg8 48. Qg4 Kf8 49. Nc6 Qd6 50. d8=Q+ Kf7 51. Qxd6 Kg8 52. Qd8+ Kf7 53. Qgd7+ Kg6 54. Qg5+ Kh7 55. Qdxg7# 1-0


[Site "https://www.chess.com"]

[Event "Titled Tuesday Blitz February 14 Late 2023"]
[White "Hoffmann, Asa"]
[Black "Sanchez Alvares, Kelvin Antonio"]
[WhiteFideId "2001470"]
[BlackFideId "3906680"]
[WhiteElo "2185"]
[BlackElo "2243"]
[Result "1/2-1/2"]
[Round "11"]
[TimeControl "180+2"]
[Date "2023.02.14"]
[WhiteClock "0:00:33"]
[BlackClock "0:00:48"]

1. d4 d5 2. Bg5 c6 3. e3 Qb6 4. b3 Bf5 5. Bd3 Bxd3 6. Qxd3 Nd7 7. f4 e6 8. Nf3 Ngf6 9. Nbd2 Qa5 10. c3 Be7 11. O-O Qb5 12. c4 Qa6 13. Ne5 Bb4 14. Ndf3 Nxe5 15. fxe5 Ne4 16. Bh4 h6 17. a3 Bf8 18. Qc2 g5 19. Be1 Be7 20. Bb4 Qb6 21. Bxe7 Kxe7 22. Nd2 Nxd2 23. Qxd2 Raf8 24. c5 Qc7 25. b4 f5 26. exf6+ Rxf6 27. Rxf6 Kxf6 28. Rf1+ Kg7 29. Qf2 Qe7 30. Qg3 Rf8 31. Qe5+ Kg6 32. Rf3 Rxf3 33. gxf3 Qf6 34. Qxf6+ Kxf6 35. h3 e5 36. Kf2 exd4 37. exd4 Kf5 38. Kg3 h5 39. a4 a6 40. Kg2 Kf4 41. Kf2 h4 42. a5 Kf5 43. Ke3 Kf6 44. Kf2 Ke6 45. Ke3 Kf5 46. Ke2 Kf4 47. Kf2 1/2-1/2


[Site "https://www.chess.com"]

[Event "Titled Tuesday Blitz February 14 Late 2023"]
[White "ArchibaldCerveza29"]
[Black "Fernandez, Maria Florencia"]
[BlackFideId "116459"]
[WhiteElo "2469"]
[BlackElo "2129"]
[Result "0-1"]
[Round "11"]
[TimeControl "180+2"]
[Date "2023.02.14"]
[WhiteClock "0:00:17"]
[BlackClock "0:00:06"]

1. e4 c5 2. Nf3 d6 3. d4 cxd4 4. Nxd4 Nf6 5. Nc3 g6 6. Be3 Bg7 7. f3 O-O 8. Qd2 Nc6 9. O-O-O d5 10. Qe1 e5 11. Nxc6 bxc6 12. exd5 cxd5 13. Bg5 Qb6 14. Bxf6 Qxf6 15. Nxd5 Qg5+ 16. Kb1 Rb8 17. h4 Qd8 18. c3 Be6 19. Nb4 Qa5 20. a3 Qb6 21. Ba6 Rfe8 22. Qd2 Bf8 23. Be2 a5 24. Nd3 Bxa3 25. Ka1 Qb3 26. Nb4 axb4 27. bxa3 Qxa3+ 28. Kb1 bxc3+ 29. Kc2 cxd2 30. Kxd2 Rb2+ 31. Ke1 Qc3+ 32. Kf1 Qe3 33. Re1 Bb3 34. Rh3 Rxe2 35. Rxe2 Bc4 36. f4 Qxe2+ 37. Kg1 exf4 38. h5 Qe3+ 39. Kh2 Qxh3+ 40. Kxh3 gxh5 41. g4 hxg4+ 42. Kh4 f3 43. Kg5 f2 44. Kh6 f1=Q 45. Kg5 Qc1+ 46. Kf6 Re6+ 47. Kf5 Qf1+ 48. Kg5 Qf6+ 49. Kh5 Re5+ 50. Kxg4 Be6+ 51. Kg3 Qg5+ 52. Kh2 Re2+ 53. Kh1 Bd5# 0-1


[Site "https://www.chess.com"]

[Event "Titled Tuesday Blitz February 14 Late 2023"]
[White "Kalajzic, Ivan"]
[Black "Seletsky, Grigory"]
[WhiteFideId "14506378"]
[BlackFideId "14112191"]
[WhiteElo "2062"]
[BlackElo "2259"]
[Result "1-0"]
[Round "11"]
[TimeControl "180+2"]
[Date "2023.02.14"]
[WhiteClock "0:00:21"]
[BlackClock "0:00:39"]

1. c4 e5 2. Nc3 Nc6 3. g3 f5 4. Bg2 Nf6 5. d3 Bb4 6. Bd2 Bxc3 7. Bxc3 d6 8. e3 O-O 9. Ne2 Qe8 10. b4 Qh5 11. b5 Nd8 12. Ng1 Qg6 13. Nf3 Nf7 14. Nh4 Qh6 15. Bd2 g5 16. e4 f4 17. Nf5 Bxf5 18. exf5 b6 19. h4 g4 20. Qe2 Rae8 21. O-O-O Qh5 22. Be4 f3 23. Qe3 Nd7 24. Rhe1 Nc5 25. Bb4 Kh8 26. Bxc5 bxc5 27. Rd2 Nh6 28. Qg5 Qxg5 29. hxg5 Nxf5 30. Rh1 Kg7 31. Rdd1 Re7 32. Rh5 Kg8 33. Rdh1 Rg7 34. Bd5+ Kh8 35. g6 h6 36. Rxh6+ Nxh6 37. Rxh6+ 1-0


[Site "https://www.chess.com"]

[Event "Titled Tuesday Blitz February 14 Late 2023"]
[White "Fernandez Garcia, Gumersindo"]
[Black "Toktomushev, Teimur"]
[WhiteFideId "24516740"]
[BlackFideId "14176726"]
[WhiteElo "2160"]
[BlackElo "2239"]
[Result "1-0"]
[Round "11"]
[TimeControl "180+2"]
[Date "2023.02.14"]
[WhiteClock "0:00:06"]
[BlackClock "0:00:01"]

1. Nf3 d5 2. d4 Nf6 3. g3 Bf5 4. Bg2 c6 5. O-O e6 6. c4 Nbd7 7. Nc3 Be7 8. Nh4 Bg4 9. h3 Bh5 10. Qc2 O-O 11. e4 Nxe4 12. Nxe4 dxe4 13. Qxe4 Bxh4 14. gxh4 Bg6 15. Qe2 Qxh4 16. Be3 Nf6 17. Rad1 Bf5 18. d5 Bxh3 19. Rd4 Bg4 20. f3 e5 21. Rxg4 Nxg4 22. fxg4 e4 23. g5 cxd5 24. Rf4 Qxg5 25. Rxe4 Qg6 26. cxd5 Rfe8 27. Rxe8+ Rxe8 28. Qf2 Qb1+ 29. Kh2 Qd3 30. Bf4 Re2 31. Qc5 h6 32. Qc8+ Kh7 33. d6 Qe4 34. Qg4 Rxg2+ 35. Qxg2 Qxf4+ 36. Qg3 Qd2+ 37. Kg1 g6 38. Qe5 Qd1+ 39. Kf2 Qd2+ 40. Kf3 Qd3+ 41. Kf4 Qd2+ 42. Ke4 Qe2+ 43. Kd5 Qb5+ 44. Ke4 Qe2+ 45. Kf4 Qh2+ 46. Ke4 f5+ 47. Kd5 Qd2+ 48. Ke6 f4 49. Kf7 1-0


[Site "https://www.chess.com"]

[Event "Titled Tuesday Blitz February 14 Late 2023"]
[White "Gonzalez, Francisco Silva"]
[Black "Forgacs, Attila Jr."]
[WhiteFideId "1512285"]
[BlackFideId "773654"]
[WhiteElo "2021"]
[BlackElo "2264"]
[Result "1-0"]
[Round "11"]
[TimeControl "180+2"]
[Date "2023.02.14"]
[WhiteClock "0:00:28"]
[BlackClock "0:00:01"]

1. d4 Nf6 2. c4 g6 3. Nc3 d5 4. Bf4 Bg7 5. Nf3 O-O 6. e3 c5 7. dxc5 Qa5 8. Rc1 dxc4 9. Bxc4 Qxc5 10. Bb3 Qa5 11. O-O Nc6 12. h3 Rd8 13. Qe2 Bf5 14. e4 Bd7 15. Nd5 Rac8 16. Rxc6 Bxc6 17. Nxe7+ Kf8 18. Nxc8 Rxc8 19. Bd6+ Kg8 20. Qc4 Nxe4 21. Qxf7+ Kh8 22. Bf4 Rf8 23. Ne5 Rxf7 24. Nxf7+ Kg8 25. Rd1 Kf8 26. f3 Bf6 27. fxe4 Bxe4 28. Bh6+ Ke7 29. Nd6 Qc5+ 30. Kh1 Qf2 31. Nxe4 Qe2 32. Ng3 Qe5 33. Nf1 Qc5 34. Be3 Qa5 35. Nd2 Be5 36. Nc4 Qb5 37. Bxa7 1-0


[Site "https://www.chess.com"]

[Event "Titled Tuesday Blitz February 14 Late 2023"]
[White "Lorenzo De La Riva, Lazaro"]
[Black "Slavin, Alexey"]
[WhiteFideId "2268809"]
[BlackFideId "24104388"]
[WhiteElo "2404"]
[BlackElo "2364"]
[Result "1/2-1/2"]
[Round "11"]
[TimeControl "180+2"]
[Date "2023.02.14"]
[WhiteClock "0:00:56"]
[BlackClock "0:00:14"]

1. c4 Nc6 2. Nc3 Nf6 3. Nf3 d6 4. e3 e5 5. d4 Bg4 6. Be2 Be7 7. h3 Bh5 8. g4 Bg6 9. d5 Nb8 10. Nd2 h6 11. e4 Nh7 12. b4 a5 13. bxa5 Ra7 14. a4 Rxa5 15. Nb3 Ra8 16. a5 O-O 17. Be3 Nd7 18. f3 Bh4+ 19. Kf1 Ng5 20. Kg2 Bh7 21. c5 Qe7 22. a6 bxa6 23. c6 Nf6 24. Bd3 Bg6 25. Qe2 Ngh7 26. Ra2 Bg5 27. Bf2 Bf4 28. Rha1 Rfb8 29. Na5 h5 30. Nb7 hxg4 31. hxg4 a5 32. Rxa5 Ra7 33. Rxa7 Ng5 34. Ra8 Rxa8 35. Rxa8+ Kh7 36. Qf1 Ng8 37. Qh1+ Nh6 38. Qh4 Qf6 39. Ne2 Bh2 40. Qxg5 Qxg5 41. Kxh2 Nxg4+ 42. fxg4 Qxg4 43. Ng3 Qf3 44. Bb6 Qxd3 45. Bxc7 Qd2+ 46. Kh3 Qh6+ 47. Kg2 Qd2+ 48. Kh3 Qh6+ 49. Kg4 Qf4+ 50. Kh3 Qh6+ 1/2-1/2


[Site "https://www.chess.com"]

[Event "Titled Tuesday Blitz February 14 Late 2023"]
[White "Mazurkiewicz, Michal"]
[Black "Cueto, Jonny"]
[WhiteFideId "1124943"]
[BlackFideId "3300145"]
[WhiteElo "2145"]
[BlackElo "2122"]
[Result "1-0"]
[Round "11"]
[TimeControl "180+2"]
[Date "2023.02.14"]
[WhiteClock "0:01:09"]
[BlackClock "0:00:04"]

1. e4 e6 2. d3 d5 3. Nd2 c5 4. Ngf3 Nc6 5. g3 Nf6 6. Bg2 Be7 7. O-O O-O 8. e5 Nd7 9. Re1 b5 10. h4 Qb6 11. c3 Bb7 12. Nf1 d4 13. Bf4 b4 14. c4 Na5 15. b3 Nc6 16. N1h2 a5 17. Ng5 a4 18. Qh5 Bxg5 19. hxg5 axb3 20. axb3 Rxa1 21. Rxa1 Ndxe5 22. Be4 Ng6 23. Ng4 Nce7 24. Nf6+ gxf6 25. gxf6 Bxe4 26. dxe4 Nxf4 27. Qh6 Nf5 28. exf5 Ne2+ 29. Kh2 1-0


[Site "https://www.chess.com"]

[Event "Titled Tuesday Blitz February 14 Late 2023"]
[White "Djordjevic, Dejan N"]
[Black "Poeta, Caio Medeiros"]
[WhiteFideId "913316"]
[BlackFideId "2142660"]
[WhiteElo "2167"]
[BlackElo "2088"]
[Result "0-1"]
[Round "11"]
[TimeControl "180+2"]
[Date "2023.02.14"]
[WhiteClock "0:00:02"]
[BlackClock "0:00:09"]

1. e4 c6 2. d4 d5 3. Nd2 dxe4 4. Nxe4 Bf5 5. Ng5 h6 6. N5f3 Nf6 7. Bc4 e6 8. Ne2 Bd6 9. Ng3 Bg6 10. O-O O-O 11. Re1 Nbd7 12. a4 Qc7 13. c3 c5 14. Qb3 Rfe8 15. Be3 cxd4 16. Nxd4 a6 17. Rad1 Nc5 18. Qa2 Rac8 19. Be2 Bf4 20. Bf1 Bxe3 21. Rxe3 Nd5 22. Ree1 Nf4 23. Re3 Red8 24. Rde1 Ncd3 25. Bxd3 Nxd3 26. Rf1 Nf4 27. Rfe1 Nd5 28. Re5 Nf4 29. R5e3 b6 30. Qb3 Nd3 31. Rf1 Nc5 32. Qa2 Qd7 33. a5 b5 34. Nf3 Qc7 35. Ne5 Bh7 36. Ne2 Nb7 37. b4 Nd6 38. Nd4 Nc4 39. Nxc4 Qxc4 40. Qa1 Bd3 41. Rd1 Bg6 42. h3 Rd5 43. Rde1 Qc7 44. Qb2 Qf4 45. Qe2 Qc7 46. Qf3 Rdd8 47. Qg4 Qc4 48. h4 h5 49. Qg5 Rd5 50. Qf4 e5 51. Rxe5 Rxe5 52. Rxe5 Qxc3 53. Nf3 Qc1+ 54. Qxc1 Rxc1+ 55. Kh2 Rc4 56. Re8+ Kh7 57. Ng5+ Kh6 58. Rh8+ Bh7 59. Rxh7+ Kg6 60. Rh8 Rxb4 61. g3 Ra4 62. Rf8 f6 63. Ne6 Rxa5 64. Nf4+ Kf5 65. Nxh5 Ra2 66. Kg2 b4 67. Nxg7+ Kg6 0-1


[Site "https://www.chess.com"]

[Event "Titled Tuesday Blitz February 14 Late 2023"]
[White "Sabar, Ethmane Daouda"]
[Black "Kielinkei"]
[WhiteFideId "19600097"]
[WhiteElo "2040"]
[BlackElo "2399"]
[Result "0-1"]
[Round "11"]
[TimeControl "180+2"]
[Date "2023.02.14"]
[WhiteClock "0:00:16"]
[BlackClock "0:00:29"]

1. e4 c5 2. a3 e6 3. b4 b6 4. bxc5 bxc5 5. Bb2 Bb7 6. d3 d5 7. exd5 exd5 8. Nf3 Nf6 9. Be2 Be7 10. O-O O-O 11. Nbd2 d4 12. Nc4 Nbd7 13. Rb1 Nb6 14. Nfe5 Nfd5 15. Bf3 Bf6 16. Ng4 Bg5 17. Nge5 Qc7 18. Nxb6 axb6 19. Re1 Rfe8 20. Nc4 b5 21. Nd2 Qd7 22. Rxe8+ Rxe8 23. Ne4 Be7 24. c4 dxc3 25. Nxc3 b4 26. axb4 cxb4 27. Nxd5 Bxd5 28. Bxd5 Qxd5 29. Qe2 Qe6 30. Qxe6 fxe6 31. Kf1 Kf7 32. Ke2 Rc8 33. Rc1 Rxc1 34. Bxc1 Bf6 35. d4 Bxd4 36. Kd3 Bxf2 37. Kc4 Be1 38. Be3 Kf6 39. Bc5 Kf5 40. g3 Ke4 41. Bd4 e5 42. Bb2 Bc3 43. Bxc3 bxc3 44. Kxc3 Kf3 45. Kd2 e4 46. Ke1 Kg2 47. Ke2 Kxh2 48. g4 Kg3 49. g5 Kg4 50. Ke3 Kxg5 51. Kxe4 Kg4 52. Ke3 Kg3 53. Ke2 Kg2 54. Ke3 h5 55. Kf4 h4 56. Kg5 h3 57. Kg6 h2 58. Kxg7 h1=Q 59. Kf7 Kf3 60. Kf6 Ke4 61. Ke6 Qh6+ 62. Kd7 Kd5 0-1


[Site "https://www.chess.com"]